 Dungeon Crawl Stone Soup version 0.27-a0-156-gbcd94eb011 (webtiles) character file.

Game seed: 15472226005863606282

21 tabtabtabtab the Firebug (level 2, 0/19 HPs)
             Began as a Demonspawn Fire Elementalist on Jan 27, 2021.
             Slain by an adder (3 damage)
             ... on level 2 of the Dungeon.
             The game lasted 00:03:05 (1551 turns).

tabtabtabtab the Firebug (DsFE)                     Turns: 1551, Time: 00:03:06

Health: 0/19       AC:  2    Str:  8    XL:     2   Next: 62%
Magic:  1/5        EV: 12    Int: 16    God:
Gold:   52         SH:  0    Dex: 13    Spells: 4/5 levels left

rFire    . . .     SeeInvis .   i - +0 hand axe
rCold    . . .     Faith    .   (no shield)
rNeg     . . .     Spirit   .   a - +0 robe
rPois    .         Reflect  .   (no helmet)
rElec    .         Harm     .   (no cloak)
rCorr    .         Rampage  .   (no gloves)
Will     .....                  (no boots)
Stlth    ++........             (no amulet)
HPRegen  0.06/turn              (no ring)
MPRegen  0.09/turn              (no ring)

@: lethally poisoned (0 -> -4)
A: foul stench 1
a: no special abilities


You were on level 2 of the Dungeon.
You visited 1 branch of the dungeon, and saw 2 of its levels.

You collected 52 gold pieces.

Inventory:

Hand Weapons
 h - a +0 dagger
 i - a +0 hand axe (weapon)
Armour
 a - a +0 robe (worn)
 b - a +0 buckler
Scrolls
 d - a scroll of immolation {unknown}
 e - a scroll of blinking {unknown}
 g - 5 scrolls of remove curse {unknown}
 k - a scroll of teleportation {unknown}
Potions
 c - 2 potions of attraction {unknown}
 f - a potion of magic {unknown}
 j - a potion of degeneration {unknown}


   Skills:
 - Level 1.7 Dodging
 - Level 1.7 Stealth
 + Level 0.4 Shields
 + Level 2.2 Spellcasting
 * Level 1.7 Conjurations
 * Level 3.0 Fire Magic


You had 4 spell levels left.
You knew the following spells:

 Your Spells              Type           Power        Failure   Level
a - Foxfire               Conj/Fire      36%          8%          1

Your spell library contained the following spells:

 Spells                   Type           Power        Failure   Level
 Conjure Flame            Conj/Fire      9%           22%         3
 Inner Flame              Hex/Fire       6%           32%         3
 Sticky Flame             Conj/Fire      9%           58%         4
 Fireball                 Conj/Fire      4%           91%         5


Dungeon Overview and Level Annotations

Branches:
Dungeon (2/15)

Altars:
Vehumet


Innate Abilities, Weirdness & Mutations

You may rarely emit foul miasma when damaged in melee.


Message History

The foxfire hits the adder.
The adder is severely wounded.
The adder closely misses you. The adder barely misses you. The adder bites you.
You are poisoned.
The adder poisons you! The adder bites you.
* * * LOW HITPOINT WARNING * * *
Casting: Foxfire (safe; 8% risk of failure)
Confirm with . or Enter, or press ? or * to list all spells.
You conjure some foxfire!
* * * LOW HITPOINT WARNING * * *
You feel sick. The adder misses you. The adder barely misses you.
You miss the adder.
The adder is severely wounded.
You barely miss the adder.
The foxfire hits the adder.
The adder is severely wounded.
The foxfire hits the adder.
The adder is almost dead.
The adder completely misses you. The adder barely misses you.
The adder completely misses you. The adder bites you.
You die...

#### .##...#... #
#...###........# #.
#..#.#.#.^...... .
#.##..#..##....## . #..##
#...............#.. #....
##.....###..#....# ...##
###.......##..#.....
....#
............SS...##. #...
.####...###.@.....# .#...
####.## #......... .....
# #..).# #......... .....
#.##.##.#
#.......##.........
#.......#
#........#.....##>#
####.##############......
.. #.# #......# .....###
#.# #.####.# #...#
##.#####.####.# #[..#


You could see 2 adders.

Vanquished Creatures
  A dart slug (D:1)
  A bat (D:1)
  A giant cockroach (D:1)
  5 hobgoblins
  2 kobolds (D:2)
  A frilled lizard (D:1)
  5 goblins
  A rat (D:2)
17 creatures vanquished.

Vanquished Creatures (others)
  35 foxfires
35 creatures vanquished.

Grand Total: 52 creatures vanquished

Notes
Turn   | Place    | Note
-------+----------+-------------------------------------------
     0 | D:1      | tabtabtabtab the Demonspawn Fire Elementalist began the
                  | quest for the Orb.
     0 | D:1      | Reached XP level 1. HP: 13/13 MP: 3/3
   467 | D:1      | Gained mutation: You may rarely emit foul miasma when
                  | damaged in melee. [demonic ancestry]
   467 | D:1      | Reached XP level 2. HP: 19/19 MP: 0/5
   991 | D:2      | Reached skill level 3 in Fire Magic
  1376 | D:2      | Found a radiant altar of Vehumet.
  1551 | D:2      | Slain by an adder

Illustrated notes

Levels and vault maps discovered:
D:1:      wander_arrival_lonely_grave, layout_basic
D:2:      layout_loops_cross, fiery_altar_vehumet, hangedman_decor_points

Skill      XL: |  1  2 |
---------------+-------+-----
Fire Magic     | 3 |  3.0
Dodging        | |  1.7
Stealth        | |  1.7
Shields        | |  0.4
Spellcasting   | |  2.2
Conjurations   | |  1.7

Action                   || total
-------------------------++-------
Melee: Unarmed           ||     7
       Hand axe          ||    23
       Dagger            ||    16
 Cast: Foxfire           ||    22
 Stab: Sleeping          ||     2
Armor: Robe              ||    12
Dodge: Dodged            ||    38

Table legend: (Time is in decaauts)
 A = Elapsed time spent in this place.
 B = Non-inter-level travel time spent in this place.
 C = Inter-level travel time spent in this place.
 D = Time resting spent in this place.
 E = Time spent auto-exploring this place.
 F = Levels seen in this place.
 G = Mean time per level.
                   A        B        C        D        E       F      G
               +--------+--------+--------+--------+--------+-----+--------+
         Total |   1556 |   1547 |      9 |    483 |    850 |   2 |  778.0 |
       Dungeon |   1556 |   1547 |      9 |    483 |    850 |   2 |  778.0 |
               +--------+--------+--------+--------+--------+-----+--------+

Top non-repeatable levels by time:
     D:1: 947 daAuts
     D:2: 608 daAuts
